 Dungeon Crawl Stone Soup version 0.30-a0-223-gcb0039aa0c (webtiles) character file.

Game seed: 631164180290207375

50688 ryw the Fighter (level 14, -8/116 HPs)
             Began as a Human Fighter on Oct 6, 2022.
             Was a High Priest of Okawaru.
             Mangled by a cane toad simulacrum (15 damage)
             ... in an ice cave on Oct 9, 2022.
             The game lasted 00:47:00 (18137 turns).

ryw the Fighter (Human Fighter)                    Turns: 18137, Time: 00:47:01

Health: -8/116     AC: 24    Str: 21    XL:     14   Next: 98%
Magic:  19/20      EV: 14    Int:  8    God:    Okawaru [*****.]
Gold:   1180       SH:  8    Dex: 14    Spells: 13/13 levels left

rFire   . . .      SeeInvis .    M - +1 eveningstar (holy)
rCold   . . .      Faith    .    c - +0 buckler
rNeg    . . .      Spirit   .    Q - +1 chain mail of Fuinlaex {+Blink}
rPois   .          Reflect  .    (helmet restricted)
rElec   .          Harm     .    A - +0 cloak
rCorr   .          Rampage  .    (no gloves)
Will    +....                    p - +2 pair of boots
Stlth   ..........               t - amulet of regeneration
HPRegen 1.19/turn                s - +4 ring of protection
MPRegen 0.17/turn                K - +4 ring of evasion

@: heroic, on blink cooldown
A: antennae 1
a: Renounce Religion, Evoke Blink, Heroism, Finesse, Duel


You were in an ice cave.
You worshipped Okawaru.
Okawaru was extremely pleased with you.
You visited 4 branches of the dungeon, and saw 18 of its levels.
You also visited: Sewer and Ice Cave.

You collected 1180 gold pieces.

Inventory:

Hand Weapons
 a - a +1 vampiric long sword
 o - the +3 whip of Shrieking Defiance {venom, rF+ rC- Will+ Str+5}
   (You found it on level 2 of the Dungeon)

   It poisons the flesh of those it strikes.
   Str:       It affects your strength (+5).
   rF:        It protects you from fire.
   rC:        It makes you vulnerable to cold.
   Will:      It increases your willpower.
 q - the +1 long sword of the Telling Fox {vorpal, Int+3}
   (You found it on level 2 of the Lair of Beasts)

   It inflicts extra damage upon your enemies.
   Int:       It affects your intelligence (+3).
 M - a +1 eveningstar of holy wrath (weapon)
 W - a +1 demon blade of draining
Missiles
 e - 42 poisoned darts (quivered)
 f - 9 boomerangs
 B - 3 atropa-tipped darts
 I - 4 throwing nets
 L - a curare-tipped dart
 N - 3 javelins
 T - 3 boomerangs of dispersal
Armour
 c - a +0 buckler (worn)
 m - a +0 helmet
 p - a +2 pair of boots (worn)
 A - a +0 cloak (worn)
 Q - the +1 chain mail of Fuinlaex (worn) {+Blink}
   (Okawaru gifted it to you on level 5 of the Lair of Beasts)

   +Blink:    It lets you blink.
 V - the +1 leather armour of Fortitude {*Corrode MP+9 Dex+5}
   (You found it on level 10 of the Dungeon)

   Dex:       It affects your dexterity (+5).
   MP:        It affects your magic capacity (+9).
   *Corrode:  It may corrode you when you take damage.
Jewellery
 s - a +4 ring of protection (left hand)
 t - an amulet of regeneration (around neck)
 D - a ring of see invisible
 J - a +6 ring of dexterity
 K - a +4 ring of evasion (right hand)
 S - a ring of resist corrosion
 X - a +6 ring of dexterity
Wands
 y - a wand of flame (30)
 C - a wand of iceblast (9)
 P - a wand of paralysis (3)
Scrolls
 b - a scroll of enchant weapon
 g - 4 scrolls of blinking
 h - 7 scrolls of vulnerability
 j - 2 scrolls of amnesia
 n - 3 scrolls of fog
 r - a scroll of teleportation
 u - 5 scrolls of magic mapping
 z - a scroll of enchant armour
 E - a scroll of brand weapon
 F - 2 scrolls of fear
 U - 4 scrolls of identify
Potions
 d - 2 potions of might
 i - 7 potions of lignification
 l - a potion of curing
 v - 4 potions of flight
 w - 2 potions of invisibility
 x - 2 potions of magic
 G - 4 potions of haste
 H - 2 potions of cancellation
 O - a potion of mutation
 R - 2 potions of berserk rage
Miscellaneous
 k - a piece from Xom's chessboard (15/15)


   Skills:
 + Level 12.5(17.5) Fighting
 - Level 3.8(8.8) Long Blades
 + Level 12.1(17.1) Maces & Flails
 - Level 5.0(10.0) Throwing
 - Level 11.4(16.4) Armour
 + Level 11.3(16.3) Shields
 + Level 8.3 Invocations
 + Level 4.1 Evocations


You had 13 spell levels left.
You didn't know any spells.
Your spell library contained the following spells:

 Spells                   Type           Power      Damage    Failure   Level
 Beastly Appendage        Tmut           0%         N/A       92%         1
 Cigotuvi's Dreadful Rot  Necr/Pois/Air  0%         N/A       98%         2
 Scorch                   Fire           0%         2d5       98%         2
 Wereblood                Tmut           0%         N/A       98%         2
 Hailstorm                Conj/Ice       0%         3d3       100%        3
 Spider Form              Tmut/Pois      0%         N/A       100%        3
 Dispel Undead            Necr           0%         3d6       100%        4
 Flame Wave               Conj/Fire      0%         2d4       100%        4
 Ice Form                 Ice/Tmut       0%         N/A       100%        4
 Passage of Golubria      Tloc           0%         N/A       100%        4
 Petrify                  Tmut/Erth      0%         N/A       100%        4
 Freezing Cloud           Conj/Ice/Air   0%         6-21      100%        5
 Metabolic Englaciation   Hex/Ice        0%         N/A       100%        5
 Silence                  Hex/Air        0%         N/A       100%        5
 Statue Form              Tmut/Erth      0%         N/A       100%        6
 Lehudib's Crystal Spear  Conj/Erth      0%         10d2      100%        8
 Summon Small Mammal      Summ           Unusable   N/A       N/A         1
 Call Canine Familiar     Summ           Unusable   N/A       N/A         3
 Summon Guardian Golem    Hex/Summ       Unusable   N/A       N/A         3
 Death Channel            Necr           Unusable   N/A       N/A         6
 Simulacrum               Ice/Necr       Unusable   N/A       N/A         6
 Summon Cactus Giant      Summ           Unusable   N/A       N/A         6
 Malign Gateway           Summ/Tloc      Unusable   N/A       N/A         7
 Summon Horrible Things   Summ           Unusable   N/A       N/A         8

Dungeon Overview and Level Annotations

Branches:
Dungeon (11/15)            Temple (1/1) D:5            Lair (5/5) D:9
  Swamp (0/4) Lair:3        Snake (0/4) Lair:3        Slime (1/5) Lair:5
    Orc (0/2) D:10          Sewer (visited)           IceCv (1/1)

Altars:
Ashenzari
Cheibriados
Dithmenos
Elyvilon
Fedhas
Gozag
Hepliaklqana
Kikubaaqudgha
Makhleb
Nemelex Xobeh
Okawaru
Qazlal
Ru
Sif Muna
Trog
Uskayaw
Vehumet
Wu Jian
Xom
Yredelemnul
Zin
The Shining One
Jiyva

Shops:
D:4 =

Annotations:
D:9 3 runed translucent doors, SigmundSlayer's ghost, novice OgBe IceCv exclusion: ice statue


Innate Abilities, Weirdness & Mutations

You have a pair of small antennae on your head.


Message History

You are too injured to fight recklessly!
You are too injured to fight recklessly!
Unknown command.
You gain the combat prowess of a mighty hero.
You block the white ugly thing's attack.
The cane toad simulacrum closely misses you.
Unknown command.
You barely miss the white ugly thing.
The white ugly thing is severely wounded.
The white ugly thing closely misses you.
Unknown command.
You bludgeon the white ugly thing!!
The white ugly thing is almost dead.
The cane toad simulacrum hits you! The cane toad simulacrum freezes you!
* * * LOW HITPOINT WARNING * * *
The white ugly thing closely misses you.
Unknown command.
You closely miss the white ugly thing.
The white ugly thing is almost dead.
The cane toad simulacrum hits you.
* * * LOW HITPOINT WARNING * * *
The cane toad simulacrum freezes you!
* * * LOW HITPOINT WARNING * * *
Unknown command.
Okay, then.
Unknown command.
You blink.
You feel better.
Aiming: Throw Flame
Press: ? - help, Shift-Dir - straight line, f - white ugly thing
Aim: a white ugly thing (almost dead, 71% to hit)
The puff of flame misses the white ugly thing.
You block the white ugly thing's attack.
Unknown command.
You hit the white ugly thing but do no damage.
The white ugly thing is almost dead.
The cane toad simulacrum hits you!
* * * LOW HITPOINT WARNING * * *
The cane toad simulacrum freezes you!
You die...

#.......#
#.......#
#...∩...#
##.....##
##...##
##.##
##...##
##.....##
#....Z@.#
#....u..#
#[......#
#[...Z.?#
#/?.....#
####.####
.....{
#.......#
#..Z....#


You could see a white ugly thing, an elephant simulacrum and a cane toad
simulacrum.

Vanquished Creatures
  A dire elephant (Lair:5)
  5 hydras
  2 catoblepae (Lair:5)
  2 two-headed ogres
  13 death yaks
  A fire crab (Lair:5)
  2 manticores (Lair:5)
  An ugly thing (D:11)
  5 black mambas
  15 elephants
  A gargoyle (D:10)
  3 torpor snails
  8 cane toads
  A kobold demonologist (D:9)
  7 rime drakes
  7 komodo dragons
  A troll (D:10)
  2 polar bears
  2 hornets
  22 blink frogs
  8 dream sheep
  4 slime creatures (Lair:5)
  Sigmund (D:2)
  2 shadows
  6 wyverns
  A wraith (D:9)
  3 basilisks
  21 yaks
  A steam dragon (D:8)
  A death yak simulacrum (IceCv)
  Edmund (D:4)
  An acid dragon (D:10)
  3 nagas (Lair:3)
  13 water moccasins
  3 black bears
  3 ice beasts
  3 orc warriors
  2 sky beasts (D:7)
  An ogre (D:4)
  4 centaurs
  26 wolves
  2 phantoms (D:5)
  10 bullfrogs
  9 kobold brigands
  4 scorpions
  7 wights
  An elephant simulacrum (IceCv)
  3 killer bees (D:9)
  2 electric eels (Lair:3)
  2 gnoll boudas
  A hound (D:5)
  7 jellies
  Crazy Yiuf (D:4)
  6 orc priests
  7 iguanas
  Jessica (D:3)
  15 orc wizards
  13 adders
  15 gnolls
  3 river rats (Sewer)
  A shadow imp (D:6)
  An ufetubus (D:4)
  3 worms
  4 dart slugs
  34 orcs
  12 ball pythons
  7 endoplasms
  A giant cockroach (D:2)
  8 goblins
  6 hobgoblins
  10 jackals
  4 quokkas
  4 bats
  37 kobolds
  7 rats
457 creatures vanquished.

Vanquished Creatures (others)
  29 fungi
  43 plants
72 creatures vanquished.

Grand Total: 529 creatures vanquished

Notes
Turn   | Place    | Note
-------+----------+-------------------------------------------
     0 | D:1      | ryw the Human Fighter began the quest for the Orb.
     0 | D:1      | Reached XP level 1. HP: 18/18 MP: 1/1
    28 | D:1      | Found a faded altar of an unknown god.
    93 | D:1      | Reached XP level 2. HP: 17/24 MP: 2/2
   219 | D:1      | Reached XP level 3. HP: 29/29 MP: 3/3
   839 | D:2      | Identified the +3 whip of Shrieking Defiance {venom, rF+
                  | rC- Will+ Str+5}
   863 | D:2      | Noticed Sigmund
   873 | D:2      | Killed Sigmund
   874 | D:2      | Reached XP level 4. HP: 25/35 MP: 4/4
   874 | D:2      | Reached XP level 5. HP: 29/41 MP: 5/5
   874 | D:2      | Reached XP level 6. HP: 33/47 MP: 6/6
  1197 | D:2      | Identified the +1 robe of Integrity {Fly rC+}
  1510 | D:3      | Noticed Jessica
  1516 | D:3      | Killed Jessica
  1526 | D:3      | Reached skill level 5 in Maces & Flails
  1645 | D:3      | Found a glowing drain.
  1674 | Sewer    | Entered a sewer
  1733 | Sewer    | Reached XP level 7. HP: 52/52 MP: 7/7
  2522 | D:4      | Noticed Edmund
  2540 | D:4      | Killed Edmund
  2541 | D:4      | Reached XP level 8. HP: 34/58 MP: 8/8
  2687 | D:4      | Found a runed translucent door.
  2688 | D:4      | Noticed Crazy Yiuf
  2695 | D:4      | Killed Crazy Yiuf
  3432 | D:4      | Found Enumyqod's Jewellery Shop.
  3544 | D:4      | Identified the +4 mace of Pelaleq {protect, Drain rElec
                  | rPois Dex+4}
  3582 | D:4      | Found an ornate altar of the Wu Jian Council.
  3698 | D:5      | Entered Level 5 of the Dungeon
  3778 | D:5      | Reached XP level 9. HP: 62/64 MP: 9/9
  3942 | D:5      | Reached skill level 10 in Maces & Flails
  4041 | D:5      | Found a staircase to the Ecumenical Temple.
  4056 | Temple   | Entered the Ecumenical Temple
  4791 | D:6      | Found a blossoming altar of Fedhas.
  5355 | D:6      | Found a radiant altar of Vehumet.
  5430 | D:6      | Reached skill level 5 in Fighting
  5430 | D:6      | Reached skill level 5 in Armour
  5430 | D:6      | Reached XP level 10. HP: 74/74 MP: 10/10
  5446 | D:6      | Found a sacrificial altar of Ru.
  5874 | D:7      | Found a stormy altar of Qazlal.
  6495 | D:8      | Found a glowing silver altar of Zin.
  6495 | D:8      | Found a hazy altar of Hepliaklqana.
  6497 | D:8      | Found a hide-covered altar of Uskayaw.
  6507 | D:8      | Found an opulent altar of Gozag.
  6644 | D:8      | Found a burning altar of Makhleb.
  6644 | D:8      | Noticed a balrug
  6979 | D:8      | Found a shimmering altar of Xom.
  7338 | D:8      | Found an iron altar of Okawaru.
  7338 | D:8      | Found a white marble altar of Elyvilon.
  7348 | D:8      | Found a faded altar of an unknown god.
  7350 | D:8      | Became a worshipper of Warmaster Okawaru
  7354 | D:8      | Found a snail-covered altar of Cheibriados.
  7359 | D:8      | Found a faded altar of an unknown god.
  7501 | D:9      | Found a runed translucent gate.
  7501 | D:9      | Found a runed translucent gate.
  7502 | D:9      | Found an opulent altar of Gozag.
  7502 | D:9      | Found a runed translucent gate.
  7509 | D:9      | Noticed a deep elf knight
  7509 | D:9      | Noticed a six-headed hydra
  7510 | D:9      | Noticed SigmundSlayer's ghost (novice OgBe)
  7557 | D:9      | Reached * piety under Okawaru
  7713 | D:9      | Noticed a kobold demonologist
  7714 | D:9      | Noticed a soul eater
  7733 | D:9      | Killed a kobold demonologist
  7734 | D:9      | Reached XP level 11. HP: 75/84 MP: 11/11
  7807 | D:9      | Noticed a two-headed ogre
  7845 | D:9      | Killed a two-headed ogre
  7845 | D:9      | Reached ** piety under Okawaru
  8102 | D:9      | Found a staircase to the Lair.
  8111 | D:9      | Found a viscous altar of Jiyva.
  8135 | D:9      | Reached skill level 5 in Shields
  8421 | Lair:1   | Entered Level 1 of the Lair of Beasts
  8675 | Lair:1   | Found a gate leading to a gauntlet.
  8688 | Lair:1   | Found a shimmering altar of Xom.
  8707 | Lair:1   | Reached *** piety under Okawaru
  8906 | Lair:1   | Noticed an elephant
  8909 | Lair:1   | Noticed an elephant
  8960 | Lair:1   | Killed an elephant
  8978 | Lair:1   | Killed an elephant
  9195 | Lair:1   | Noticed an elephant
  9195 | Lair:1   | Noticed an elephant
  9242 | Lair:1   | Killed an elephant
  9267 | Lair:1   | Killed an elephant
  9430 | Lair:1   | Noticed an elephant
  9444 | Lair:1   | Killed an elephant
  9444 | Lair:1   | Reached **** piety under Okawaru
  9473 | Lair:1   | Received a gift from Okawaru
  9998 | Lair:2   | Reached XP level 12. HP: 54/94 MP: 12/12
 10054 | Lair:1   | Gained mutation: You have a pair of small antennae on your
                  | head. [potion of mutation]
 10312 | Lair:2   | Identified the +1 long sword of the Telling Fox {vorpal,
                  | Int+3}
 10328 | Lair:2   | Reached skill level 1 in Throwing
 10337 | Lair:2   | Received a gift from Okawaru
 11357 | Lair:3   | Noticed a six-headed hydra
 11373 | Lair:3   | Killed a six-headed hydra
 11373 | Lair:3   | Reached ***** piety under Okawaru
 11405 | Lair:3   | Found a staircase to the Swamp.
 11634 | Lair:3   | HP: 2/97 [komodo dragon (18)]
 11647 | Lair:3   | HP: 1/97 [komodo dragon (16)]
 11654 | Lair:3   | Reached skill level 10 in Armour
 11941 | Lair:4   | Received a gift from Okawaru
 12057 | Lair:3   | Reached skill level 10 in Fighting
 12215 | Lair:2   | Identified the +6 quarterstaff "Funaickeas" {drain, Will-
                  | rCorr Dex+4 SInv} (Okawaru gifted it to you on level 2 of
                  | the Lair of Beasts)
 12215 | Lair:2   | Received a gift from Okawaru
 12216 | Lair:2   | Reached XP level 13. HP: 55/103 MP: 13/13
 12525 | Lair:3   | Found a staircase to the Snake Pit.
 12619 | Lair:3   | Reached skill level 5 in Throwing
 13713 | Lair:4   | You fall into a shaft and drop 1 floor!
 13713 | Lair:5   | Entered Level 5 of the Lair of Beasts
 13766 | Lair:5   | Received a gift from Okawaru
 13869 | Lair:5   | Noticed a six-headed hydra
 13870 | Lair:5   | Upgraded the game from 0.30-a0-219-gf2db51d15e to
                  | 0.30-a0-223-gcb0039aa0c
 14154 | Lair:5   | Reached skill level 10 in Shields
 14177 | Lair:5   | Reached skill level 1 in Invocations
 14300 | Lair:4   | Noticed a five-headed hydra
 14316 | Lair:4   | Killed a five-headed hydra
 14929 | Lair:4   | Reached XP level 14. HP: 72/114 MP: 13/17
 15218 | Lair:5   | Identified the +1 chain mail of Fuinlaex {+Blink} (Okawaru
                  | gifted it to you on level 5 of the Lair of Beasts)
 15218 | Lair:5   | Received a gift from Okawaru
 15219 | Lair:5   | Reached skill level 5 in Invocations
 15314 | Lair:5   | Got the Verses on the Allied Chill
 15473 | Lair:5   | Reached skill level 1 in Evocations
 15754 | Lair:5   | Found a staircase to the Slime Pits.
 16339 | Lair:5   | Noticed a dire elephant
 16439 | Lair:5   | Killed a dire elephant
 16610 | Lair:5   | Received a gift from Okawaru
 16837 | Slime:1  | Entered Level 1 of the Pits of Slime
 17073 | D:10     | Entered Level 10 of the Dungeon
 17205 | D:10     | Found an ancient bone altar of Kikubaaqudgha.
 17307 | D:10     | Identified the +1 leather armour of Fortitude {*Corrode
                  | MP+9 Dex+5}
 17310 | D:10     | Found a staircase to the Orcish Mines.
 17379 | D:10     | Received a gift from Okawaru
 17471 | D:10     | Identified the +8 mace of the Gazing Gods {elec, Int+2}
 17520 | D:10     | Paralysed by a hornet for 3 turns
 18085 | D:11     | Found a frozen archway.
 18092 | IceCv    | Entered an ice cave
 18137 | IceCv    | Mangled by a cane toad simulacrum

Illustrated notes

Levels and vault maps discovered:
D:1:      lightli_arrival_isolated_outpost, layout_rooms,
          hellmonk_ecumenical_altar_pennies_from_heaven,
          corexii_leaking_fountain
D:2:      layout_loops_ring, minmay_vboxes, uniq_sigmund
D:3:      layout_rooms, gup_sewer_entry_glass, minmay_misc_feat_diagonals,
          uniq_jessica
D:4:      layout_loops_cross, overflow_temple_1_default, serial_shops,
          nicolae_shop_waterfront, uniq_crazy_yiuf_cottage, uniq_edmund
D:5:      layout_basic, minmay_temple_entry_offerings
D:6:      layout_loops_cross, nicolae_ru_path_of_blood, fedhas_altar_2,
          nicolae_vehumet_altar_sigil
D:7:      layout_rooms, nicolae_qazlal_eye_of_the_storm, grunt_ministairs_13,
          nicolae_benzene_ring
D:8:      layout_loops_ring, chequers_temple_overflow_minitemple,
          makhleb_altar_promises_db, nicolae_overflow_crystal_walls,
          nicolae_overflow_quartered_altars, nicolae_ossuary_entry_plus
D:9:      layout_irregular_city, lair_entry_dummy, ebering_ghost_gozag,
          jiyva_altar_1
D:10:     layout_loops_cross, lemuel_tele_altar, minmay_orc_entry_temple_small
D:11:     layout_irregular_city, gammafunk_ghost_berserking_beasts,
          portal_ice_cave_rime
Temple:   hellmonk_temple_two_chambers
Lair:1:   layout_cellular_growth, basic_altar, gauntlet_entry_generic,
          grunt_megastairs_4
Lair:2:   layout_long_grid
Lair:3:   beast_lair_carwin_large_2, layout_hall_layers, swamp_mist,
          guppyfry_snake_entry_garden, serial_bayou_crossing,
          infiniplex_staircase_pool, lemuel_fruit_fields
Lair:4:   layout_regular_city
Lair:5:   hangedman_lair_in_review, layout_hall_layers,
          minmay_slime_entry_pillars, grunt_megastairs_1
Slime:1:  layout_caves
IceCv:    ice_cave_statue_garden_chambered

Skill      XL: |  1  2  3  4  5  6  7  8  9 10 11 12 13 14 |
---------------+-------------------------------------------+-----
Long Blades    | 3 |  3.8
Maces & Flails | 4 5 7 9 11 12 | 12.1
Armour         | 5 7 9 10 11 | 11.4
Fighting       | 5 7 8 10 11 12 | 12.5
Shields        | 4 6 8 10 11 | 11.3
Throwing       | 4 5 |  5.0
Invocations    | 4 8 |  8.3
Evocations     | 4 |  4.1

Action                   |  1- 3 |  4- 6 |  7- 9 | 10-12 | 13-15 || total
-------------------------+-------+-------+-------+-------+-------++-------
Melee: Long sword        |    78 |       |       |       |       ||    78
       Whip              |    10 |    60 |   478 |   965 |   815 ||  2328
       Eveningstar       |       |       |       |       |   231 ||   231
Throw: Dart              |       |       |       |    13 |    31 ||    44
Invok: Heroism           |       |       |       |     2 |    18 ||    20
       Finesse           |       |       |       |     1 |     6 ||     7
 Abil: Evoke Blink       |       |       |       |       |     1 ||     1
Evoke: Wand              |       |       |       |     4 |     7 ||    11
  Use: Scroll            |       |     3 |       |    16 |     7 ||    26
       Potion            |       |       |     2 |    11 |     3 ||    16
 Stab: Petrified         |       |       |       |       |     5 ||     5
Armor: Scale mail        |    61 |    26 |   165 |   368 |   125 ||   745
       Chain mail        |       |       |       |       |   170 ||   170
Dodge: Dodged            |    39 |    26 |   149 |   446 |   380 ||  1040
Block: Buckler           |    15 |     7 |    74 |   206 |   254 ||   556

Table legend: (Time is in decaauts)
 A = Elapsed time spent in this place.
 B = Non-inter-level travel time spent in this place.
 C = Inter-level travel time spent in this place.
 D = Time resting spent in this place.
 E = Time spent auto-exploring this place.
 F = Levels seen in this place.
 G = Mean time per level.
                   A        B        C        D        E       F      G
               +--------+--------+--------+--------+--------+-----+--------+
         Total |  17335 |  16558 |    777 |   2228 |  10051 |  20 |  866.8 |
       Dungeon |   8492 |   8260 |    232 |    682 |   5823 |  11 |  772.0 |
        Temple |     40 |     40 |      0 |      0 |     20 |   1 |   40.0 |
          Lair |   7890 |   7345 |    545 |   1546 |   3570 |   5 | 1578.0 |
    Slime Pits |      1 |      1 |      0 |      0 |      0 |   1 |    1.0 |
         Sewer |    868 |    868 |      0 |      0 |    637 |   1 |  868.0 |
      Ice Cave |     43 |     43 |      0 |      0 |      0 |   1 |   43.0 |
               +--------+--------+--------+--------+--------+-----+--------+

Top non-repeatable levels by time:
  Lair:5: 2124 daAuts
  Lair:1: 1568 daAuts
  Lair:3: 1549 daAuts
  Lair:4: 1390 daAuts
  Lair:2: 1257 daAuts
     D:6: 1180 daAuts
     D:9: 1024 daAuts
     D:4: 956 daAuts
     D:8: 925 daAuts
   Sewer: 868 daAuts
    D:10: 812 daAuts
     D:2: 789 daAuts
     D:5: 745 daAuts
     D:7: 651 daAuts
     D:3: 640 daAuts
